 Dungeon Crawl Stone Soup version 0.32-a0-834-geaf45d8e21 (console) character file.

Game seed: 12965092541973464124

557 petzl the Magician (level 7, -4/50 (52) HPs)
             Began as a Formicid Delver on Mar 26, 2024.
             Slain by a sleepcap (5 damage)
             ... on level 4 of the Dungeon.
             The game lasted 00:13:30 (4466 turns).

petzl the Magician (Formicid Delver)                Turns: 4466, Time: 00:13:31

HP:   -4/50 (52)    AC:  4    Str: 16    XL:     7   Next: 56%
MP:   17/17         EV: 11    Int: 12    God:
Gold: 152           SH:  0    Dex: 15    Spells: 20/20 levels left

rFire   . . .        a - +4 short sword
rCold   . . .        (no shield)
rNeg    . . .        o - +0 leather armour
rPois   .            (helmet unavailable)
rElec   .            (no cloak)
rCorr   .            (no gloves)
SInv    +            m - +0 pair of boots
Will    .....        (no amulet)
Stlth   +++          (no ring)
HPRegen 0.28/turn    (no ring)
MPRegen 0.15/turn

%: no passive effects
@: lightly drained
A: permanent stasis, dig shafts and tunnels, antennae 3, four strong arms
a: Dig, Shaft Self


You were on level 4 of the Dungeon.
You visited 1 branch of the dungeon, and saw 9 of its levels.

You collected 152 gold pieces.

Inventory:

Hand Weapons
 a - a +4 short sword (weapon)
 b - a +0 shortbow
 i - a +0 flail
 j - a +0 mace
 y - a +2 dagger of protection {!f =f}
Armour
 m - a +0 pair of boots (worn)
 o - a +0 leather armour (worn)
Jewellery
 v - a ring of positive energy
 E - an amulet of the acrobat
Wands
 f - a wand of digging (3)
 g - a wand of mindburst (8)
 u - a wand of polymorph (6)
Scrolls
 d - a scroll of revelation
 e - 2 scrolls of fear
 h - 2 scrolls of identify {unknown}
 l - 4 scrolls of enchant armour {unknown}
 n - 2 scrolls of torment {unknown}
 p - a scroll of amnesia {unknown}
 x - 2 scrolls of silence {unknown}
 z - a scroll of poison {unknown}
 B - 3 scrolls of fog
 C - a scroll of immolation {unknown}
Potions
 c - 2 potions of lignification {unknown}
 k - a potion of curing {unknown}
 q - a potion of heal wounds {unknown}
 r - 2 potions of degeneration {unknown}
 s - 2 potions of mutation {unknown}
 t - a potion of magic {unknown}
 w - a potion of might {unknown}
 A - a potion of enlightenment {unknown}
 D - a potion of resistance {unknown}


   Skills:
 - Level 3.2 Fighting
 - Level 2.0 Maces & Flails
 + Level 2.0 Ranged Weapons
 - Level 1.7 Dodging
 - Level 6.0 Stealth
 + Level 7.1 Spellcasting


You had 20 spell levels left.
You didn't know any spells.
Your spell library contained the following spells:

 Spells                   Type           Power      Damage    Failure   Level
 Animate Dead             Necr           4%         N/A       89%         4
 Manifold Assault         Tloc           4%         N/A       89%         4
 Dispersal                Tloc           2%         N/A       100%        6
 Haunt                    Necr/Summ      2%         N/A       100%        7
 Disjunction              Tloc           2%         N/A       100%        8
 Infestation              Necr           2%         N/A       100%        8


Dungeon Overview and Level Annotations

Branches:
Dungeon (9/15)
 Temple: D:4-7         Lair: D:8-11         Orc: D:9-12

Altars:
Makhleb
Qazlal
Trog
Wu Jian

Annotations:
D:4 exclusions: downstairs and sleepcap, Sigmund
D:5 3 runed translucent doors, Spacecowgir2's ghost, novice DrHu; petzl's ghost, weakling FoDe; zenocrate's ghost, novice OpEE
D:8 2 transporters, exclusions: downstairs and sky beast, TheSexyCheese's ghost, novice OpFE
D:9 exclusion: upstairs


Innate Abilities, Weirdness & Mutations

You cannot be hasted, slowed, berserked, paralysed or teleported.
You can dig through walls and to a lower floor.
You have a pair of large antennae on your head. (SInv)
Your four strong arms can wield two-handed weapons with a shield.


Message History

You fall asleep.
The sleepcap releases spores at you!!
You wake up.
* * * LOW HITPOINT WARNING * * *
You are engulfed in a cloud of soporific spores!
You are unaffected.
Unknown command.
Unknown command.
Aiming: Mindburst
Press: ? - help, Shift-Dir - straight line, f/p - sleepcap
Aim: a sleepcap (almost destroyed, not susceptible)
Okay, then.
Unknown command.
Unknown command.
Unknown command.
You can't see any enemies this would affect, really read the scroll of fear?
Okay, then.
Unknown command.
Unknown command.
Okay, then.
Unknown command.
Unknown command.
Unknown command.
Unknown command.
Press: ? - help, v - describe, . - travel
Here: a sleepcap (almost destroyed)
The floor.
Unknown command.
Unknown command.
You start putting on your amulet.
You continue putting on your amulet of the acrobat.
The sleepcap closely misses you.
You continue putting on your amulet of the acrobat.
The sleepcap barely misses you.
You continue putting on your amulet of the acrobat.
The sleepcap releases spores at you.
Keep equipping yourself?
* * * LOW HITPOINT WARNING * * *
You continue putting on your amulet of the acrobat.
The sleepcap releases spores at you.
You die...

####.....#####.###.....#.#### #....#..#
+.........................)>#########.##
################.#.##.......)...#.###.#
# #.#.#######.####.#...#.# #
#.#......##.# #...#.#.# #......
#####.#......#†.# #####...# #.....
##.....#......#.## ##### #....
#......#........# #...#
#.....##.......##
#...#######.....##......##
#...#...........##......#
#...#.######....'.......#
#...#.######....###...[.#
'...'.....##....##......#
#...#.....###+##...###### #####.....#
#....######### ..........#
#............#### #######+###
...............<# #.....#....
###.#..f@....#### ......#..# ♣♣♣+♣♣♣♣..#
.........## ......'..###############
.......... #...#.♣..'............<#
##.#.##.# #._.#.♣..###############
..)..>..# #...# ♣### ##)####### .....
.........# ♣♣+♣ .........# { ...........
{ ........... ..#.....).. ###........
#......## #......#


You could see a sleepcap.

Vanquished Creatures
  An orc warrior (D:8)
  A centaur (D:4)
  A bullfrog (D:7)
  A bombardier beetle (D:3)
  2 orc priests
  Jessica (D:2)
  An iguana (D:4)
  2 orc wizards
  A gnoll (D:1)
  4 adders
  2 ufetubi (D:6)
  A dart slug (D:4)
  9 orcs
  2 bats
  3 endoplasms
  2 giant cockroaches (D:1)
  2 goblins
  8 hobgoblins
  2 quokkas
  8 ball pythons
  4 frilled lizards
  7 kobolds
  5 rats
70 creatures vanquished.

Notes
Turn   | Place    | Note
-------+----------+-------------------------------------------
     0 | D:5      | petzl the Formicid Delver began the quest for the Orb.
     0 | D:5      | Reached XP level 1. HP: 18/18 MP: 1/1
    47 | D:6      | Noticed an ice beast
    72 | D:5      | Found a runed translucent gate.
    72 | D:5      | Found a runed translucent gate.
    72 | D:5      | Found a runed translucent gate.
    73 | D:5      | Noticed Spacecowgir2's ghost (novice DrHu)
    73 | D:5      | Noticed petzl's ghost (weakling FoDe)
    76 | D:6      | Noticed a sleepcap
    95 | D:5      | Noticed zenocrate's ghost (novice OpEE)
   102 | D:5      | Noticed an orc wizard
   103 | D:5      | Noticed an orc wizard
   120 | D:5      | You fall into a shaft and drop 3 floors!
   277 | D:8      | Noticed an orc warrior
   296 | D:9      | Reached skill level 1 in Spellcasting
   311 | D:9      | Noticed a wyvern
   329 | D:8      | Found a transporter.
   333 | D:8      | Noticed a killer bee
   334 | D:8      | Noticed TheSexyCheese's ghost (novice OpFE)
   334 | D:8      | Noticed a killer bee
   335 | D:8      | Noticed a moth of wrath
   335 | D:8      | Noticed a killer bee
   335 | D:8      | Noticed a hornet
   335 | D:8      | Noticed a bullfrog
   335 | D:8      | Noticed a black bear
   336 | D:8      | Noticed a killer bee
   336 | D:8      | Noticed a water moccasin
   336 | D:8      | Noticed a water moccasin
   336 | D:8      | Noticed a killer bee
   336 | D:8      | Noticed a black bear
   356 | D:8      | Found a transporter.
   413 | D:8      | Noticed a black bear
   433 | D:8      | Noticed an orc priest
   434 | D:8      | Noticed an orc wizard
   446 | D:8      | Killed an orc priest
   447 | D:8      | Reached skill level 2 in Spellcasting
   447 | D:8      | Reached XP level 2. HP: 24/24 MP: 2/5
   447 | D:8      | Reached XP level 3. HP: 29/29 MP: 2/7
   549 | D:8      | Found a stormy altar of Qazlal.
   549 | D:8      | Noticed a sky beast
   573 | D:8      | Killed an orc warrior
   574 | D:8      | Reached skill level 4 in Spellcasting
   574 | D:8      | Reached XP level 4. HP: 35/35 MP: 7/10
   574 | D:8      | Reached XP level 5. HP: 41/41 MP: 7/11
   622 | D:7      | Noticed a bullfrog
   625 | D:7      | Killed a bullfrog
   626 | D:7      | Reached skill level 5 in Spellcasting
   626 | D:7      | Reached XP level 6. HP: 47/47 MP: 12/14
   667 | D:7      | Found a bloodstained altar of Trog.
   674 | D:7      | Found an ornate altar of the Wu Jian Council.
  1211 | D:6      | Reached skill level 6 in Spellcasting
  1435 | D:4      | Noticed Sigmund
  1515 | D:4      | Reached XP level 7. HP: 17/52 MP: 17/17
  1989 | D:2      | Noticed Jessica
  2012 | D:2      | Killed Jessica
  2013 | D:2      | Reached skill level 1 in Ranged Weapons
  2264 | D:1      | Found a faded altar of an unknown god.
  3643 | D:3      | Reached skill level 7 in Spellcasting
  4438 | D:4      | Found a burning altar of Makhleb.
  4462 | D:4      | HP: 1/50 [sleepcap (21)]
  4466 | D:4      | Slain by a sleepcap

Illustrated notes

Levels and vault maps discovered:
D:1:      wander_arrival_estate, layout_basic,
          shapermc_ecumenical_altar_totnotflames, palyth_stone_intersect,
          chequers_serial_rivers_room_b
D:2:      cheibrodos_old_hovel, layout_loops_cross, uniq_jessica
D:3:      layout_loops_corners, minmay_statues_item
D:4:      layout_basic, mainiacjoe_overflow_six_doors_small, uniq_sigmund
D:5:      layout_rooms, gammafunk_ghost_cemetery, grunt_decor_mini_mirrors
D:6:      layout_basic, hex_medium
D:7:      layout_loops_ring, minitemple, minmay_temple_entry_mini_moons,
          minmay_fractal_squares_diagonal_5
D:8:      layout_basic, tgw_kikubaaqudgha, nicolae_qazlal_beasts_of_the_sky,
          old_standard_altar, gammafunk_ghost_berserking_beasts
D:9:      layout_grid_maze, kennysheep_slug_shrine

Skill      XL: |  1  2  3  4  5  6  7 |
---------------+----------------------+-----
Spellcasting   | 2 4 5 6 7 |  7.1
Ranged Weapons | 2 |  2.0
Fighting       | |  3.2
Maces & Flails | |  2.0
Dodging        | |  1.7
Stealth        | |  6.0

Action                     |  1- 3 |  4- 6 |  7- 9 || total
---------------------------+-------+-------+-------++-------
  Melee: Mace              |    10 |    63 |     3 ||    76
         Short sword       |       |       |    27 ||    27
   Fire: Shortbow          |       |       |   136 ||   136
Ability: Shaft Self        |     1 |       |       ||     1
         Dig               |       |     1 |     2 ||     3
  Evoke: Wand              |     5 |     9 |       ||    14
    Use: Scroll            |     1 |       |       ||     1
   Stab: Sleeping          |       |       |     2 ||     2
 Armour: Leather armour    |     7 |    84 |    67 ||   158
         Skin              |       |       |    24 ||    24
  Dodge: Dodged            |     5 |    62 |    39 ||   106

Table legend: (Time is in decaauts)
 A = Elapsed time spent in this place.
 B = Non-inter-level travel time spent in this place.
 C = Inter-level travel time spent in this place.
 D = Time resting spent in this place.
 E = Time spent auto-exploring this place.
 F = Levels seen in this place.
 G = Mean time per level.
                   A        B        C        D        E       F      G
               +--------+--------+--------+--------+--------+-----+--------+
         Total |   4534 |   4244 |    290 |    772 |   2178 |   9 |  503.8 |
       Dungeon |   4534 |   4244 |    290 |    772 |   2178 |   9 |  503.8 |
               +--------+--------+--------+--------+--------+-----+--------+

Top non-repeatable levels by time:
     D:3: 983 daAuts
     D:1: 963 daAuts
     D:2: 737 daAuts
     D:8: 477 daAuts
     D:6: 471 daAuts
     D:4: 376 daAuts
     D:7: 287 daAuts
     D:5: 208 daAuts
     D:9: 29 daAuts
